 Dungeon Crawl Stone Soup version 0.26.1-2-gb8aa6d0cf2 (webtiles) character file.

Game seed: 5400297354039288998

25 nightchill the Grave Robber (level 2, -7/20 HPs)
             Began as a Vampire Necromancer on Feb 23, 2021.
             Mangled by an ogre
             ... wielding a +0 giant club
              (18 damage)
             ... on level 3 of the Dungeon.
             The game lasted 00:04:12 (1889 turns).

nightchill the Grave Robber (Vampire Necromancer)   Turns: 1889, Time: 00:04:13

Health: -7/20      AC:  2    Str:  7    XL:     2   Next: 86%
Magic:  2/5        EV: 12    Int: 17    God:
Gold:   40         SH:  0    Dex: 14    Spells: 4/5 levels left

rFire    . . .     SeeInvis +   h - +0 dagger
rCold    . . .     Faith    .   (no shield)
rNeg     . . .     Spirit   .   a - +0 robe
rPois    .         Reflect  .   (no helmet)
rElec    .         Harm     .   (no cloak)
rCorr    .         Rampage  .   (no gloves)
Will     .....                  (no boots)
Stlth    ++........             (no amulet)
HPRegen  0.26/turn              (no ring)
MPRegen  0.09/turn              (no ring)

@: very slightly contaminated, regenerating quickly
A: fangs 3, see invisible, unbreathing
a: Exsanguinate


You were on level 3 of the Dungeon.
You visited 1 branch of the dungeon, and saw 3 of its levels.

You collected 40 gold pieces.

Inventory:

Hand Weapons
 c - a +0 club
 h - a +0 dagger (weapon)
Missiles
 r - 13 poisoned darts (quivered)
Armour
 a - a +0 robe (worn)
Jewellery
 l - a +6 ring of dexterity {unknown}
Scrolls
 b - 4 scrolls of identify {unknown}
 d - a scroll of amnesia {unknown}
 g - a scroll of magic mapping {unknown}
 k - a scroll of fear {unknown}
 m - a scroll of teleportation {unknown}
 n - a scroll of remove curse {unknown}
Potions
 e - a potion of heal wounds {unknown}
 f - a potion of resistance {unknown}
 i - a potion of curing {unknown}
 j - a potion of might {unknown}
 o - a potion of haste {unknown}
 p - a potion of degeneration {unknown}
 q - a potion of invisibility {unknown}


   Skills:
 + Level 0.3 Fighting
 * Level 0.6 Short Blades
 - Level 2.1 Dodging
 - Level 3.0 Stealth
 + Level 2.3 Spellcasting
 * Level 4.9 Necromancy


You had 4 spell levels left.
You knew the following spells:

 Your Spells              Type           Power        Failure   Level
a - Pain                  Necr           72%          2%          1

Your spell library contained the following spells:

 Spells                   Type           Power        Failure   Level
 Animate Skeleton         Necr           36%          2%          1
 Vampiric Draining        Necr           9%           7%          3
 Animate Dead             Necr           9%           24%         4
 Agony                    Necr           18%          54%         5


Dungeon Overview and Level Annotations

Branches:
Dungeon (3/15)

Altars:
Makhleb
Vehumet
Zin
The Shining One


Innate Abilities, Weirdness & Mutations

Your natural rate of healing is unusually fast.
You have razor-sharp teeth.
You have supernaturally acute eyesight. (SInv)
You can survive without breathing.


Message History

Confirm with . or Enter, or press ? or * to list all spells.
Aiming: Pain (safe; 2% risk of failure)
Press: ? - help, Shift-Dir - straight line, f/p - ogre
Aim: an ogre, wielding a +0 giant club (severely wounded, chance to affect: 78%)
The ogre barely resists.
The ogre hits you with a +0 giant club!
Casting: Pain (safe; 2% risk of failure)
Confirm with . or Enter, or press ? or * to list all spells.
You don't know that spell.
Unknown command.
Casting: Pain (safe; 2% risk of failure)
Confirm with . or Enter, or press ? or * to list all spells.
Aiming: Pain (safe; 2% risk of failure)
Press: ? - help, Shift-Dir - straight line, f/p - ogre
Aim: an ogre, wielding a +0 giant club (severely wounded, chance to affect: 78%)
You miscast Pain.
You are very lightly contaminated with residual magic.
Nothing appears to happen.
The ogre hits you with a +0 giant club!!
Ouch! That really hurt!
You die...

#..# #.#####..#
#......(.#
#######.## #.# #.#
#.# #######.######
#<.@O........#
#####.....#.####.#
...........#.#
######.....#.#
#.....#.#
##..###.# #.[# #..
#..# ### #..#


You could see an ogre.

Vanquished Creatures
  2 giant cockroaches (D:1)
  2 goblins
  7 hobgoblins
  A ball python (D:3)
  A bat (D:1)
  3 frilled lizards
  3 kobolds (D:2)
  6 rats
25 creatures vanquished.

Notes
Turn   | Place    | Note
-------+----------+-------------------------------------------
     0 | D:1      | nightchill the Vampire Necromancer began the quest for the
                  | Orb.
     0 | D:1      | Reached XP level 1. HP: 13/13 MP: 3/3
   180 | D:1      | Reached XP level 2. HP: 7/19 MP: 1/5
  1341 | D:2      | Found a faded altar of an unknown god.
  1433 | D:2      | Found a glowing silver altar of Zin.
  1433 | D:2      | Found a radiant altar of Vehumet.
  1439 | D:2      | Found a burning altar of Makhleb.
  1441 | D:2      | Found a faded altar of an unknown god.
  1443 | D:2      | Found a glowing golden altar of the Shining One.
  1868 | D:3      | Noticed an ogre
  1889 | D:3      | Mangled by an ogre

Illustrated notes

Levels and vault maps discovered:
D:1:      mrwooster_arrival_statue, layout_rooms, hangedman_decor_push
D:2:      layout_basic, chequers_temple_overflow_minitemple,
          chequers_ecumenical_altar_simple, hangedman_abyss_or_decor_stabs
D:3:      layout_loops_ring, fedhas_altar_3, lemuel_crystal_altar,
          grunt_decor_one_mirror

Action                   || total
-------------------------++-------
Melee: Club              ||     4
       Dagger            ||    47
       Bite              ||     2
Throw: Dart              ||     2
 Cast: Pain              ||    28
 Stab: Sleeping          ||     5
Armor: Robe              ||     5
Dodge: Dodged            ||    26
